 Dungeon Crawl Stone Soup version 0.24-a0-317-g5cb8de4 (webtiles) character file.

Game seed: 12962018592734676082

4727 Hylith the Skirmisher (level 10, -3/100 HPs)
             Began as a Troll Transmuter on May 16, 2019.
             Was an Initiate of Makhleb.
             Slain by a four-headed hydra (9 damage)
             ... on level 8 of the Dungeon.
             The game lasted 00:17:47 (7385 turns).

Hylith the Skirmisher (Troll Transmuter)            Turns: 7385, Time: 00:17:48

Health: -3/100     AC:  9    Str: 22    XL:     10   Next: 22%
Magic:  16/16      EV: 10    Int: 12    God:    Makhleb [......]
Gold:   355        SH:  0    Dex: 10    Spells: 11/19 levels left

rFire    + . .     SeeInvis .     - Unarmed
rCold    + . .     Gourm    +   (no shield)
rNeg     . . .     Faith    .   z - +0 steam dragon scales
rPois    +         Spirit   .   (helmet restricted)
rElec    .         Reflect  .   (no cloak)
rCorr    .         Harm     .   (gloves unavailable)
MR       .....                  (boots unavailable)
Stlth    +.........             v - amulet of the acrobat
HPRegen  0.66/turn              x - ring of protection from fire
MPRegen  0.15/turn              D - ring of poison resistance

@: about to teleport, appendage
A: large, unfitting armour, claws 3, horns 2, blink, cold resistance 1, fast
metabolism 3, gourmand, regeneration 1, shaggy fur 1, strong 1, tough skin 3
a: End Transformation, Blink, Renounce Religion


You were on level 8 of the Dungeon.
You worshipped Makhleb.
Makhleb was noncommittal.
You were completely stuffed.
You had grown temporary horns.
You visited 2 branches of the dungeon, and saw 9 of its levels.

You collected 355 gold pieces.

Inventory:

Missiles
 a - 77 arrows
Armour
 z - +0 steam dragon scales (worn)
Jewellery
 v - an amulet of the acrobat (around neck)
 x - a ring of protection from fire (left claw)
 D - a ring of poison resistance (right claw)
Wands
 p - a wand of digging (1)
 y - a wand of random effects (7)
Scrolls
 c - 2 scrolls of teleportation
 f - 2 scrolls of enchant weapon
 h - 6 scrolls of remove curse
 j - 2 scrolls of fear
 l - a scroll of blinking {unknown}
 m - a scroll of noise {unknown}
 r - 3 scrolls of magic mapping
 t - 2 scrolls of enchant armour
 C - a scroll of immolation {unknown}
Potions
 g - a potion of mutation
 i - a potion of resistance
 k - 4 potions of curing
 n - 4 potions of brilliance
 o - 2 potions of cancellation
 q - 2 potions of berserk rage
 u - a potion of invisibility {unknown}
 w - a potion of haste {unknown}
 A - a potion of might {unknown}
Comestibles
 b - 2 chunks of flesh
 d - 15 rations


   Skills:
 + Level 6.7 Fighting
 - Level 2.0 Dodging
 - Level 0.1 Stealth
 - Level 6.0 Unarmed Combat
 + Level 5.3 Spellcasting
 + Level 6.4 Transmutations


You had 11 spell levels left.
You knew the following spells:

 Your Spells              Type           Power        Failure   Level  Hunger
a - Beastly Appendage     Tmut           ###...       1%          1    None
b - Sticks to Snakes      Tmut           ###.....     1%          2    ##.....
c - Blade Hands           Tmut           ###.......   36%         5    ######.

Your spell library contained the following spells:

 Spells                   Type           Power        Failure   Level  Hunger
 Spider Form              Tmut/Pois      ##........   16%         3    ###....
 Ice Form                 Ice/Tmut       ##......     45%         4    ####...


Dungeon Overview and Level Annotations

Branches:
Dungeon (8/15)             Temple (1/1) D:5
   Lair: D:8-11

Altars:
Ashenzari
Cheibriados
Dithmenos
Elyvilon
Fedhas
Gozag
Hepliaklqana
Kikubaaqudgha
Makhleb
Nemelex Xobeh
Okawaru
Qazlal
Ru
Sif Muna
Trog
Uskayaw
Vehumet
Wu Jian
Xom
Yredelemnul
Zin
The Shining One
Beogh

Annotations:
D:8 Harold


Innate Abilities, Weirdness & Mutations

You are too large for most types of armour.
You have claws for hands.
Your metabolism is lightning-fast.
You like to eat raw meat.
Your natural rate of healing is unusually fast.
You are covered in fur. (AC +1)
You have extremely tough skin. (AC +3)
You have a pair of horns on your head.
You can translocate small distances at will.
Your flesh is cold resistant. (rC+)
Your muscles are strong. (Str +2)


Message History

The bolt of poison hits the four-headed hydra.
The four-headed hydra is poisoned.
The four-headed hydra is heavily wounded.
The bolt of poison hits the jelly.
The jelly is poisoned.
The jelly is severely wounded.
The four-headed hydra barely misses you.
The four-headed hydra bites you.
* * * LOW HITPOINT WARNING * * *
The four-headed hydra bites you but does no damage.
The four-headed hydra bites you!
* * * LOW HITPOINT WARNING * * *
As you read the scroll of teleportation, it crumbles to dust.
You feel strangely unstable.
The four-headed hydra completely misses you.
The four-headed hydra bites you!
* * * LOW HITPOINT WARNING * * *
The four-headed hydra bites you!
* * * LOW HITPOINT WARNING * * *
The four-headed hydra bites you!
You die...

#.........# ##..
##.......## ##..
##......# ###### #†##
#......# .....#Y ##=#
##.....# ≈...%.. #.)#
##...## ###.%.P... ##.##
#...# #J.≈J%.... #..#
##..# #D#.....#. #.##
#..# #@#≈.P≈P## ##.#
##..# #.#P≈≈≈≈# #..#
#...### #.#PP≈P..) #.##
#.....#####.##########.#
#............########..#
##
#.....................##
#..
#......########.....[.#
##.. #......##
#######.###... #.......#
#..#.>..


You could see a four-headed hydra and a jelly.

Vanquished Creatures
  2 dream sheep (D:8)
  Sigmund (D:2)
  A yak (D:8)
  A steam dragon (D:7)
  4 porcupines (D:8)
  3 orc warriors
  2 sky beasts
  5 black bears
  4 ogres
  A crocodile (D:8)
  A centaur (D:8)
  3 big kobolds (D:8)
  4 bullfrogs
  4 killer bees (D:8)
  A howler monkey (D:4)
  4 crimson imps
  A bullfrog zombie (D:7)
  A bullfrog skeleton (D:6)
  3 hounds (D:4)
  4 jellies
  Crazy Yiuf (D:3)
  6 orc priests
  7 orc wizards
  Jessica (D:2)
  4 iguanas
  5 worker ants
  A hound zombie (D:8)
  A worker ant zombie (D:6)
  4 gnolls (D:4)
  8 adders
  10 oozes
  2 adder skeletons
  2 worms (D:2)
  A dart slug (D:1)
  3 leopard geckos
  35 orcs
  4 ball pythons
  7 giant cockroaches
  15 goblins
  8 hobgoblins
  12 jackals
  26 kobolds
  5 quokkas
  13 bats
  2 frilled lizards
  A jackal skeleton (D:4)
  A quokka skeleton (D:4)
  7 rats
242 creatures vanquished.

Vanquished Creatures (others)
  14 fungi
  5 toadstools (D:2)
19 creatures vanquished.

Grand Total: 261 creatures vanquished

Notes
Turn   | Place    | Note
-------+----------+-------------------------------------------
     0 | D:1      | Hylith the Troll Transmuter began the quest for the Orb.
     0 | D:1      | Reached XP level 1. HP: 18/18 MP: 1/1
   109 | D:1      | Reached XP level 2. HP: 24/26 MP: 2/2
   331 | D:1      | Reached XP level 3. HP: 32/32 MP: 4/4
  1084 | D:2      | Noticed Jessica
  1086 | D:2      | Noticed Sigmund
  1088 | D:2      | Killed Jessica
  1088 | D:2      | Reached XP level 4. HP: 40/40 MP: 5/5
  1325 | D:2      | Learned a level 2 spell: Sticks to Snakes
  1435 | D:2      | Gained mutation: You can translocate small distances at
                  | will. [potion of mutation]
  1435 | D:2      | Gained mutation: Your flesh is cold resistant. (rC+)
                  | [potion of mutation]
  1435 | D:2      | Gained mutation: Your muscles are strong. (Str +2) [potion
                  | of mutation]
  1436 | D:2      | Reached skill level 1 in Fighting
  1548 | D:2      | Killed Sigmund
  1548 | D:2      | Reached skill level 5 in Unarmed Combat
  1548 | D:2      | Reached XP level 5. HP: 49/49 MP: 5/7
  1548 | D:2      | Reached XP level 6. HP: 57/57 MP: 5/8
  1848 | D:2      | Noticed a sky beast
  1879 | D:2      | Killed a sky beast
  2283 | D:2      | Reached XP level 7. HP: 66/66 MP: 7/9
  2591 | D:3      | Found a runed translucent door.
  2592 | D:3      | Noticed Crazy Yiuf
  2599 | D:3      | Killed Crazy Yiuf
  3562 | D:4      | Reached XP level 8. HP: 49/75 MP: 11/11
  4012 | D:5      | Entered Level 5 of the Dungeon
  4022 | D:5      | Found a staircase to the Ecumenical Temple.
  4034 | Temple   | Entered the Ecumenical Temple
  5547 | D:7      | Reached XP level 9. HP: 31/87 MP: 12/14
  5588 | D:7      | Reached skill level 5 in Fighting
  5890 | D:6      | Reached skill level 5 in Transmutations
  6164 | D:7      | Learned a level 5 spell: Blade Hands
  6292 | D:7      | Found a roughly hewn altar of Beogh.
  6595 | D:8      | Found an iron altar of Okawaru.
  6877 | D:8      | Found a burning altar of Makhleb.
  6893 | D:8      | Became a worshipper of Makhleb the Destroyer
  6915 | D:8      | Noticed Harold
  6932 | D:8      | Reached skill level 5 in Spellcasting
  7000 | D:8      | Reached XP level 10. HP: 70/100 MP: 14/16
  7305 | D:8      | Noticed a two-headed hydra
  7385 | D:8      | Slain by a four-headed hydra

Levels and vault maps discovered:
D:1:      scummos_arrival_forest, layout_basic
D:2:      cheibrodos_fertilizer, layout_basic, first_ration,
          minmay_divided_ellipse, uniq_sigmund, uniq_jessica
D:3:      layout_basic, uniq_crazy_yiuf_cottage
D:4:      minmay_opposing_rooms, layout_gridville
D:5:      layout_loops_cross, minmay_temple_entry_stoned_glass
D:6:      layout_cave_pools
D:7:      layout_basic, david_defended_altar_orc
D:8:      layout_cave_pods, old_standard_altar, minmay_lair_entry_grove,
          basic_altar, hangedman_ranch [blue_anna_fruit_fields],
          minmay_lizard_king, uniq_harold
Temple:   compressed_dpeg_triangle_lava_temple

Skill      XL: |  1  2  3  4  5  6  7  8  9 |
---------------+----------------------------+-----
Unarmed Combat | 4 5 6 |  6.0
Dodging        | 2 |  2.0
Fighting       | 1 2 3 4 6 |  6.7
Spellcasting   | 2 3 4 5 |  5.3
Transmutations | 2 3 4 6 |  6.4
Stealth        | |  0.1

Action                   |  1- 3 |  4- 6 |  7- 9 | 10-12 || total
-------------------------+-------+-------+-------+-------++-------
Melee: Unarmed           |    58 |   162 |   489 |    68 ||   777
       Punch             |       |     4 |     6 |     1 ||    11
       Headbutt          |       |     2 |     6 |     1 ||     9
       Kick              |       |       |    19 |     6 ||    25
 Cast: Beastly Appendage |       |     3 |    11 |     3 ||    17
Evoke: Wand              |       |       |       |     3 ||     3
  Use: Potion            |       |     2 |       |     1 ||     3
       Scroll            |       |       |    10 |     3 ||    13
 Stab: Sleeping          |       |     6 |    12 |       ||    18
  Eat: Chunk             |    11 |    14 |    45 |     4 ||    74
Armor: Robe              |    26 |    56 |   100 |       ||   182
       Steam dragon scal |       |       |    75 |    29 ||   104
Dodge: Dodged            |    23 |   109 |   271 |    29 ||   432

Table legend:
 A = Non-vault XP
 B = Vault XP
 C = Vault XP percentage of total XP
 D = Non-vault monster count
 E = Vault monster count
 F = Vault count percentage of total count
                 A         B        C        D         E       F
            +---------+---------+-------+---------+---------+-------
      Total |    3631 |    3123 |  46.2 |     182 |      60 |  24.8
            +---------+---------+-------+---------+---------+-------
        D:1 |      56 |       0 |   0.0 |      25 |       0 |   0.0
        D:2 |      36 |     668 |  94.9 |      21 |      33 |  61.1
        D:3 |      50 |      41 |  45.1 |      23 |       1 |   4.2
        D:4 |     507 |     150 |  22.8 |      29 |       8 |  21.6
        D:5 |     425 |       0 |   0.0 |      11 |       0 |   0.0
        D:6 |     929 |       0 |   0.0 |      24 |       0 |   0.0
        D:7 |     878 |     126 |  12.5 |      27 |       3 |  10.0
        D:8 |     750 |    2138 |  74.0 |      22 |      15 |  40.5
            +---------+---------+-------+---------+---------+-------
